 Dungeon Crawl Stone Soup version 0.20.0-15-g7f486f2 (webtiles) character file.

2811 Mesmaeker13 the Spear-Bearer (level 9, -10/82 HPs)
             Began as a Minotaur Gladiator on June 11, 2017.
             Was a Follower of the Shining One.
             Mangled by an ogre
             ... wielding a cursed +0 giant spiked club
              (21 damage)
             ... on level 7 of the Dungeon.
             The game lasted 00:13:12 (8251 turns).

Mesmaeker13 the Spear-Bearer (Minotaur Gladiator)   Turns: 8251, Time: 00:13:13

Health: -10/82     AC: 13    Str: 19    XL:     9   Next: 44%
Magic:  11/11      EV:  9    Int:  6    God:    the Shining One [*.....]
Gold:   295        SH:  0    Dex: 14    Spells: 8/8 levels left

rFire    . . .     SeeInvis +   k - +7 dagger (venom)
rCold    . . .     Gourm    .   (no shield)
rNeg     . . .     Faith    .   x - +0 chain mail
rPois    .         Spirit   .   c - +0 hat
rElec    .         Reflect  .   t - +0 cloak
rCorr    .         Harm     .   i - +0 pair of gloves
MR       .....                  (no boots)
Stlth    ..........             (no amulet)
Regen    0.3/turn               l - ring of see invisible
MPRegen  0.2/turn               (no ring)

@: glowing
A: retaliatory headbutt, horns 2
a: Renounce Religion


You were on level 7 of the Dungeon.
You worshipped the Shining One.
The Shining One was aware of your devotion.
You were hungry.

You visited 2 branches of the dungeon, and saw 9 of its levels.

You collected 295 gold pieces.

Inventory:

Hand Weapons
 a - a +0 trident
 h - a +0 halberd
 k - a +7 dagger of venom (weapon)
Missiles
 w - 19 tomahawks (quivered)
Armour
 c - a +0 hat (worn)
 i - a +0 pair of gloves (worn)
 t - a +0 cloak (worn)
 x - a +0 chain mail (worn)
Jewellery
 l - a ring of see invisible (left hand)
Scrolls
 d - a scroll of fear
 e - a scroll of fog
 j - a scroll of enchant weapon {unknown}
 y - a scroll of identify
 z - a scroll of silence {unknown}
Potions
 b - 2 potions of mutation {unknown}
 g - 4 potions of invisibility {unknown}
 m - a potion of heal wounds
 n - 3 potions of agility
 o - a potion of flight {unknown}
 r - 4 potions of might {unknown}
 s - a potion of curing {unknown}
 u - a potion of lignification {unknown}
Comestibles
 f - 5 bread rations
 p - 4 royal jellies
 q - a chunk of flesh
 v - 7 fruits


   Skills:
 + Level 8.9 Fighting
 + Level 9.2 Polearms
 - Level 2.0 Throwing
 + Level 8.4 Armour
 - Level 3.2 Dodging
 + Level 4.2 Invocations


You had 8 spell levels left.
You didn't know any spells.

Dungeon Overview and Level Annotations

Branches:
Dungeon (8/15)             Temple (1/1) D:4
   Lair: D:8-11

Altars:
Ashenzari
Cheibriados
Dithmenos
Elyvilon
Fedhas
Gozag
Hepliaklqana
Kikubaaqudgha
Makhleb
Nemelex Xobeh
Okawaru
Qazlal
Ru
Sif Muna
Trog
Uskayaw
Vehumet
Xom
Yredelemnul
Zin
The Shining One

Annotations:
D:7 Mesmaeker13's ghost, novice MiGl


Innate Abilities, Weirdness & Mutations

You reflexively headbutt those who attack you in melee.
You have a pair of horns on your head.


Message History

A mysterious force pulls you upwards. The hatch slams shut behind you.
Level annotation: Mesmaeker13's ghost, novice MiGl
Found a hide-covered altar of Uskayaw.
Unknown command.
You hit the orc warrior.
The orc warrior is almost dead.
The orc warrior hits you with a dire flail.
The sky beast barely misses you. You furiously retaliate!
You headbutt the sky beast. You hit the orc warrior.
The orc warrior looks even sicker.
Your headbutt misses the orc warrior.
The orc warrior is almost dead.
The ogre hits you with a giant spiked club!
* * * LOW HITPOINT WARNING * * *
The orc warrior closely misses you.
The sky beast hits you but does no damage.
You hit the orc warrior.
You kill the orc warrior!
The ogre hits you with a giant spiked club!!
You die...

.........#
........# #
#.......#
..##.......
..........
.......
#.Y)# #oO@#
######
##_## 8...8
#.....#
8.....8
##.....##
#8...8#


You could see a sky beast (invisible), an ogre and an orc wizard (invisible).

Vanquished Creatures
  2 hippogriffs (D:7)
  A spriggan (D:7)
  3 orc warriors
  An ogre (D:6)
  An ice beast (D:6)
  2 centaurs (D:5)
  A bullfrog (D:5)
  A wyvern zombie (D:3)
  2 scorpions
  11 killer bees (D:7)
  5 wights (D:7)
  2 hounds
  A bullfrog skeleton (D:5)
  3 iguanas
  3 worker ants
  Natasha (D:2)
  4 orc wizards
  A killer bee zombie (D:6)
  A howler monkey zombie (D:6)
  Robin (D:2)
  2 howler monkey skeletons
  7 gnolls
  11 adders
  A shadow imp (D:5)
  2 oozes
  A worm (D:2)
  A dart slug (D:1)
  A leopard gecko (D:3)
  25 orcs
  2 ball pythons
  9 bats
  9 giant cockroaches
  13 goblins
  10 hobgoblins
  7 jackals
  4 quokkas
  10 frilled lizards
  8 kobolds
  2 leopard gecko zombies
  A quokka zombie (D:6)
  8 rats
181 creatures vanquished.

Vanquished Creatures (others)
  An ogre (D:8)
1 creature vanquished.

Grand Total: 182 creatures vanquished

Notes
Turn   | Place    | Note
-------+----------+-------------------------------------------
     0 | D:1      | Mesmaeker13 the Minotaur Gladiator began the quest for the Orb.
     0 | D:1      | Reached XP level 1. HP: 18/18 MP: 0/0
    93 | D:1      | Reached skill level 1 in Armour
    93 | D:1      | Reached XP level 2. HP: 25/25 MP: 1/1
   453 | D:1      | Reached skill level 4 in Polearms
   519 | D:1      | Reached XP level 3. HP: 24/31 MP: 2/2
   949 | D:2      | Noticed Robin
   955 | D:2      | Reached XP level 4. HP: 40/40 MP: 3/3
   961 | D:2      | Killed Robin
  1331 | D:2      | Noticed Natasha
  1342 | D:2      | Killed Natasha
  1571 | D:3      | Reached XP level 5. HP: 46/46 MP: 4/4
  1957 | D:3      | Reached skill level 5 in Polearms
  2545 | D:3      | Found a stormy altar of Qazlal.
  2919 | D:3      | Reached skill level 5 in Fighting
  2919 | D:3      | Reached XP level 6. HP: 12/56 MP: 5/5
  3433 | D:4      | Found a staircase to the Ecumenical Temple.
  3457 | Temple   | Entered the Ecumenical Temple
  4092 | D:4      | Found an opulent altar of Gozag.
  4265 | D:4      | Reached skill level 6 in Polearms
  4512 | D:5      | Entered Level 5 of the Dungeon
  4572 | D:5      | Found an iron altar of Okawaru.
  4583 | D:5      | Found a glowing golden altar of the Shining One.
  4587 | D:5      | Became a worshipper of the Shining One
  4674 | D:5      | Reached XP level 7. HP: 41/61 MP: 6/6
  4819 | D:5      | Reached skill level 5 in Armour
  4890 | D:5      | Found a blossoming altar of Fedhas.
  5186 | D:5      | Reached skill level 7 in Polearms
  5986 | D:5      | Reached XP level 8. HP: 39/73 MP: 7/7
  6356 | D:6      | Reached * piety under the Shining One
  6396 | D:6      | Reached skill level 1 in Invocations
  6681 | D:6      | Found a glowing silver altar of Zin.
  6845 | D:7      | Noticed a hippogriff
  6850 | D:7      | Killed a hippogriff
  6850 | D:7      | Reached skill level 8 in Polearms
  7229 | D:7      | Found a snail-covered altar of Cheibriados.
  7520 | D:7      | Reached XP level 9. HP: 75/81 MP: 10/10
  8043 | D:7      | Reached skill level 9 in Polearms
  8182 | D:7      | Noticed Mesmaeker13's ghost (novice MiGl)
  8248 | D:7      | Found a hide-covered altar of Uskayaw.
  8251 | D:7      | Mangled by an ogre

Skill      XL: |  1  2  3  4  5  6  7  8  9 |
---------------+----------------------------+-----
Armour         | 1 2 3 4 6 7 8 |  8.4
Fighting       | 3 4 5 7 8 |  8.9
Polearms       | 4 5 6 7 8 9 |  9.2
Invocations    | 3 4 |  4.2
Throwing       | |  2.0
Dodging        | |  3.2

Action                   |  1- 3 |  4- 6 |  7- 9 || total
-------------------------+-------+-------+-------++-------
Melee: Trident           |    93 |   108 |   100 ||   301
       Headbutt          |    15 |    34 |    33 ||    82
       Long sword        |       |    76 |    63 ||   139
       Dagger            |       |       |    71 ||    71
Throw: Throwing net      |       |     3 |     2 ||     5
       Tomahawk          |       |       |     4 ||     4
  Use: Scroll            |       |     7 |     3 ||    10
 Stab: Sleeping          |     1 |       |       ||     1
       Held in net/web   |       |     2 |       ||     2
  Eat: Chunk             |       |    11 |    12 ||    23
Armor: Leather armour    |     5 |       |       ||     5
       Scale mail        |    22 |    55 |     1 ||    78
       Chain mail        |       |       |   151 ||   151
Dodge: Dodged            |    27 |   113 |   141 ||   281
       Rpst.: Long sword |       |    19 |     9 ||    28
